Map: NeoHumanity LE

Players

Abstract - Winner!

  • Race: Terran Terran
  • League: Gold
  • Spawn Location: 5:00

Spandereve

  • Race: Zerg Zerg
  • League: Platinum
  • Spawn Location: 11:00

VOD

Have the link to the VOD?

Description

Am I a very good player? No. Yet I am honestly at a loss as to why I lost this match. I came in with early aggression, denied my opponent's natural for a short time while going up to three bases. I was at least a base ahead the entire game, and towards the mid and late game, I was up as many as forty drones. Given this position, I frankly just don't understand what happened. My units were just like confetti in the wind compared to my opponent's army. Am I just bad?

Note: I am fairly new to Zerg.

Time

  • Played on: May 29, 2023, 7:03 p.m.
  • Length: 15:16
Show
View Real Time Build Order
Export as new Build Order

Abstract Terran - Winner!

Build Orders:  

Get SALT Encoding   

  12  0:01  SCV  
  13  0:15  Supply Depot  
  13  0:18  SCV  
  14  0:30  SCV  
  15  0:42  SCV  
  16  0:46  Barracks  
  16  0:54  SCV  
  17  1:07  SCV  
  18  1:12  Refinery  
  18  1:17  Supply Depot  
  18  1:19  SCV  
  19  1:31  SCV  
  20  1:37  Marine  
  21  1:42  Barracks  
  21  1:44  Supply Depot  
  21  1:49  SCV  
  22  1:55  Marine  
  23  2:01  SCV  
  24  2:13  Marine  
  25  2:16  Orbital Command, Factory  
  25  2:30  Marine  
  25  2:32  Barracks Tech Lab  
  26  2:48  Marine  
  27  2:56  SCV  
  27  2:57  Command Center  
  28  3:08  SCV  
  29  3:26  Siege Tank, Barracks  
  32  3:31  Refinery  
  32  3:35  Supply Depot  
  32  3:37  SCV  
  32  3:38  Supply Depot  
  33  3:46  Marine x2  
  35  3:49  SCV  
  35  3:54  Engineering Bay  
  36  3:58  Siege Tank  
  39  4:26  Missile Turret  
  39  4:28  Missile Turret  
  39  4:29  Marine x2  
  39  4:30  Missile Turret  
  39  4:31  Widow Mine  
  43  5:08  Marine x3  
  45  5:22  Siege Tank  
  45  5:25  Marine  
  49  5:43  Factory  
  49  5:48  Starport  
  49  5:49  Orbital Command  
  49  5:53  Barracks Tech Lab  
  49  5:54  Barracks Reactor x2, Widow Mine  
  47  6:28  Stimpack  
  47  6:53  SCV x2  
  49  6:54  Refinery  
  49  7:00  Armory  
  49  7:05  SCV x2  
  46  7:17  SCV  
  46  7:18  SCV  
  48  7:24  Factory Reactor  
  48  7:28  Starport Reactor  
  49  7:30  SCV x2  
  49  7:31  Marauder, Marine x2  
  49  7:33  Siege Tank  
  57  7:42  SCV x2  
  59  7:52  Supply Depot  
  59  7:54  SCV x2  
  61  8:05  Widow Mine, Missile Turret  
  63  8:06  SCV x2  
  63  8:07  Combat Shield  
  63  8:10  Hellion  
  63  8:11  Hellion  
  69  8:15  Marauder, Marine x2  
  69  8:16  Missile Turret, Marine x2  
  69  8:18  SCV x2  
  77  8:21  Terran Infantry Weapons Level 1  
  77  8:33  Marine  
  78  8:36  Refinery  
  78  8:38  Supply Depot  
  78  8:39  Supply Depot  
  78  8:59  Thor, Marine x2  
  78  9:00  Supply Depot, Marine x3, Missile Turret  
  78  9:01  Widow Mine x2, Missile Turret  
  78  9:02  Supply Depot  
  93  9:17  Marine  
  93  9:19  Supply Depot  
  93  9:21  Viking, Supply Depot, Marine x2  
  93  9:22  Marauder, Hellion  
  93  9:23  Supply Depot  
  102  9:26  Concussive Shells  
  102  9:28  Supply Depot  
  102  9:30  Hellion  
  104  9:33  Medivac  
  106  9:42  Thor  
  112  9:51  Liberator  
  115  9:56  Marine x4  
  115  9:57  Marine  
  120  10:01  Hellbat x2  
  124  10:14  Marine x2  
  126  10:22  Hellion x5  
  126  10:24  Thor  
  134  10:35  Command Center  
  114  11:38  Marauder, Marine x3  
  114  11:39  Marine  
  120  11:40  Thor  
  120  11:41  Hellbat x2  
  120  11:42  Medivac, Liberator  
  135  11:48  Orbital Command  
  135  11:53  Command Center  
  135  11:56  Marine  
  135  11:58  Marine x3  
  135  11:59  Marauder  
  141  12:02  Hellbat  
  141  12:07  Terran Infantry Armor Level 1  
  143  12:08  Terran Vehicle Weapons Level 1  
  143  12:12  Viking  
  143  12:14  Marine  
  146  12:23  Thor  
  152  12:32  Refinery  
  152  12:35  SCV x3  
  152  12:36  Refinery  
  112  13:15  Marauder, Marine x4  
  112  13:17  Thor  
  112  13:18  Hellbat x2  
  128  13:21  Medivac, Liberator  
  133  13:33  Marine x2  
  135  13:39  Hellbat  
  135  13:51  Medivac  
  135  13:54  Marauder, Marine  
  135  13:55  Marine x3  
  143  13:57  Hellbat  
  143  14:00  Thor  
  143  14:01  Hellbat  
  153  14:04  Viking  
  150  14:12  Marine x3  
  150  14:13  Marine  
  150  14:16  Marauder  
  147  14:19  Hellbat  
  147  14:21  Liberator  
  148  14:30  Marine x4  
  150  14:33  Medivac  
  150  14:37  Marine  
  157  14:48  Marine x4  
  161  14:54  Marine  
Show
View Real Time Build Order
Export as new Build Order

Spandereve Zerg 

Build Orders: Hatch First 

Get SALT Encoding   

  12  0:01  Drone  
  13  0:09  Drone  
  14  0:17  Overlord  
  14  0:45  Drone  
  14  0:49  Drone  
  16  0:50  Hatchery  
  16  0:54  Drone  
  16  0:59  Drone  
  17  1:09  Drone  
  18  1:19  Spawning Pool  
  18  1:21  Drone  
  18  1:36  Drone  
  19  1:40  Extractor  
  18  1:49  Drone  
  19  1:58  Overlord  
  19  2:04  Drone  
  19  2:07  Drone  
  21  2:11  Hatchery  
  21  2:13  Queen  
  22  2:17  Drone  
  23  2:26  Drone x2  
  23  2:27  Drone  
  26  2:40  Roach Warren  
  25  2:44  Drone  
  25  2:45  Extractor  
  25  2:47  Zergling x4  
  25  2:51  Drone  
  28  3:03  Drone  
  28  3:04  Drone  
  30  3:12  Zergling x4  
  32  3:19  Drone x2  
  34  3:22  Queen  
  34  3:25  Roach x3  
  42  3:32  Overlord  
  42  3:39  Lair  
  42  3:45  Overlord  
  42  3:52  Evolution Chamber  
  42  3:53  Queen  
  43  3:57  Roach  
  43  4:01  Zergling x2  
  46  4:06  Drone x2  
  48  4:10  Zergling x2, Roach  
  48  4:15  Drone  
  48  4:16  Drone  
  53  4:19  Drone x2  
  55  4:28  Roach  
  55  4:29  Zergling x2  
  55  4:31  Overlord  
  58  4:46  Spire  
  54  4:54  Roach x5  
  62  5:02  Drone  
  62  5:03  Drone x3  
  62  5:06  Overlord  
  63  5:17  Drone x3  
  66  5:25  Zerg Missile Weapons Level 1  
  66  5:29  Drone  
  66  5:31  Drone x4  
  66  5:32  Drone x3  
  74  5:36  Glial Reconstitution  
  74  5:44  Overlord x2  
  74  5:54  Queen, Extractor  
  74  5:55  Extractor  
  74  5:59  Overlord  
  74  6:00  Overlord x2  
  74  6:08  Zergling x4  
  74  6:09  Zergling x14  
  80  6:11  Overlord  
  70  6:18  Spine Crawler  
  70  6:20  Evolution Chamber  
  70  6:21  Zergling x4  
  70  6:22  Zergling x2  
  71  6:26  Drone x5  
  71  6:30  Metabolic Boost  
  76  6:40  Roach  
  76  6:41  Roach x3  
  76  6:46  Zerg Melee Weapons Level 1  
  84  6:48  Drone  
  84  6:49  Drone x4  
  89  6:57  Drone x2  
  89  6:58  Drone  
  73  7:10  Roach x3  
  73  7:11  Roach  
  73  7:13  Drone x3  
  73  7:14  Drone x2  
  73  7:15  Drone  
  86  7:36  Overlord  
  86  7:38  Hatchery  
  86  7:42  Mutalisk x2  
  89  7:46  Extractor  
  89  7:47  Drone x2  
  89  7:48  Extractor  
  89  7:59  Zerg Flyer Weapons Level 1  
  89  8:01  Zergling x4  
  89  8:02  Zergling x10  
  89  8:04  Overlord  
  96  8:06  Drone x2  
  96  8:07  Drone  
  100  8:12  Drone  
  100  8:13  Drone x4  
  100  8:15  Queen  
  100  8:16  Mutalisk  
  108  8:27  Ravager  
  109  8:40  Drone x3  
  112  8:43  Mutalisk x2  
  116  8:52  Drone x3  
  116  8:53  Queen  
  121  8:59  Mutalisk x2  
  121  9:02  Drone x3  
  128  9:03  Drone x3  
  131  9:14  Mutalisk x2  
  135  9:18  Overlord x7  
  135  9:19  Overlord x2  
  135  9:24  Drone  
  135  9:29  Zerg Missile Weapons Level 2, Evolution Chamber  
  135  9:35  Drone  
  135  9:36  Drone x2  
  135  9:37  Drone x2  
  140  9:45  Mutalisk x2  
  140  9:46  Mutalisk x2  
  140  9:49  Zergling x6  
  151  10:00  Mutalisk x2  
  155  10:09  Mutalisk  
  157  10:16  Roach, Zergling x8  
  157  10:17  Roach x3  
  157  10:19  Drone x2  
  157  10:20  Drone  
  172  10:26  Zerg Flyer Armor Level 1  
  172  10:39  Overlord  
  172  10:41  Mutalisk x2  
  176  10:49  Mutalisk  
  178  11:01  Mutalisk x2  
  182  11:08  Mutalisk  
  152  11:13  Roach x5  
  151  11:30  Roach x3  
  154  11:33  Drone  
  154  11:34  Drone x3  
  154  11:39  Mutalisk x3  
  164  11:41  Mutalisk  
  164  11:42  Zergling x4  
  164  11:43  Zergling x2  
  169  11:48  Extractor x2  
  167  11:55  Zerg Melee Weapons Level 2  
  167  11:57  Zergling x2  
  167  11:58  Zergling x4, Mutalisk  
  172  12:04  Ravager  
  173  12:10  Mutalisk  
  173  12:13  Hatchery  
  174  12:17  Mutalisk  
  174  12:19  Zergling x12  
  174  12:20  Zergling x4  
  184  12:28  Mutalisk x2  
  184  12:30  Zergling x4  
  184  12:31  Zergling x12  
  192  12:40  Mutalisk  
  192  12:41  Mutalisk  
  196  12:50  Zergling x2  
  196  12:51  Roach x5, Zergling x2  
  191  12:53  Mutalisk  
  191  12:56  Roach x3  
  172  13:03  Roach x2  
  172  13:04  Roach x3  
  150  13:09  Roach  
  150  13:10  Roach  
  151  13:14  Overseer  
  151  13:15  Drone  
  152  13:20  Mutalisk x2  
  152  13:23  Zergling x2  
  157  13:30  Mutalisk  
  157  13:33  Zergling x6  
  143  13:44  Spine Crawler  
  143  13:46  Spine Crawler, Mutalisk x3  
  143  13:47  Mutalisk  
  147  13:49  Spine Crawler, Zergling x12  
  147  13:50  Zergling x8  
  147  13:55  Queen  
  156  13:56  Drone  
  156  14:00  Roach x2, Mutalisk x2  
  167  14:05  Drone  
  167  14:09  Zergling x2, Mutalisk  
  158  14:16  Zergling x10  
  158  14:17  Zergling x2  
  119  14:29  Roach, Zergling x10  
  119  14:30  Roach x4  
  132  14:36  Drone  
  127  14:38  Mutalisk  
  127  14:39  Mutalisk x2  
  127  14:44  Mutalisk x2  
  119  14:54  Spine Crawler  
  119  14:56  Spine Crawler  
  119  14:58  Spine Crawler  
  119  14:59  Spine Crawler  
  122  15:01  Spine Crawler, Drone  
Tags
 
Add a new tag
Caveats
  • Supply blocks, unpowered buildings, or Contaminate may cause inaccurate times.
  • Supply counts are checked every 10 seconds.